 Dungeon Crawl Stone Soup version 0.30-a0-1164-ge08a67761e (webtiles) character file.

Game seed: 8099415327144554888

596 Jase the Changer (level 7, 0/43 HPs)
             Began as an Octopode Transmuter on Apr 30, 2023.
             Was an Initiate of Gozag.
             Slain by a gnoll bouda
             ... wielding a +0 whip
              (8 damage)
             ... on level 5 of the Dungeon.
             The game lasted 00:16:28 (4458 turns).

Jase the Changer (Octopode Transmuter)              Turns: 4458, Time: 00:16:28

Health: 0/43       AC:  5    Str: 15    XL:     7   Next: 40%
Magic:  10/10      EV:  8    Int: 17    God:    Gozag
Gold:   629        SH:  0    Dex: 13    Spells: 4/10 levels left

rFire   . .          .
                       - Unarmed
rCold   . . .        (no shield)
rNeg    . . .        (helmet currently unavailable)
rPois   .            (no amulet)
rElec   .            c - +4 ring of protection
rCorr   .            f - +6 ring of strength
SInv    .            y - ring of flight
Will    .....        (no ring)
Stlth   ++           (no ring)
HPRegen 0.27/turn    (no ring)
MPRegen 0.12/turn    (no ring)
                     (no ring)

%: no passive effects
@: appendages (expiring), weakened, flying, held
A: tentacle spike 3, almost no armour, amphibious, 8 rings, camouflage 1,
gelatinous body 1, (nimble swimmer 1), tentacles
a: End Transformation, Renounce Religion, Potion Petition, Call Merchant, Bribe
Branch


You were on level 5 of the Dungeon.
You worshipped Gozag.
Gozag was pleased with you.
One of your tentacles had grown a beastly spike.
You visited 1 branch of the dungeon, and saw 5 of its levels.
You also visited: Sewer.

You collected 638 gold pieces.
You paid 9 gold pieces to Gozag.

Inventory:

Jewellery
 c - a +4 ring of protection (left tentacle)
 f - a +6 ring of strength (right tentacle)
 y - a ring of flight (on tentacle)
Wands
 j - a wand of digging (2)
 k - a wand of charming (7)
 l - a wand of iceblast (12)
 o - a wand of flame (4)
 u - a wand of polymorph (11)
 v - a wand of light (11)
Scrolls
 b - a scroll of teleportation
 g - a scroll of immolation {unknown}
 m - a scroll of vulnerability {unknown}
 n - a scroll of enchant armour {unknown}
 w - a scroll of magic mapping {unknown}
 x - 2 scrolls of fog {unknown}
Potions
 a - a potion of lignification
 e - a potion of mutation {unknown}
 h - 2 potions of haste {unknown}
 i - 2 potions of invisibility {unknown}
 p - a potion of attraction {unknown}
 q - a potion of magic {unknown}
 r - 2 potions of cancellation {unknown}
 s - a potion of berserk rage {unknown}
 t - 2 potions of flight {unknown}


   Skills:
 - Level 1.0 Fighting
 + Level 4.0 Dodging
 + Level 4.5 Unarmed Combat
 - Level 2.0 Spellcasting
 * Level 5.3 Transmutations
 + Level 3.4 Poison Magic


You had 4 spell levels left.
You knew the following spells:

 Your Spells              Type           Power      Damage    Failure   Level
a - Beastly Appendage     Tmut           38%        N/A       2%          1
b - Wereblood             Tmut           19%        N/A       3%          2
c - Spider Form           Tmut/Pois      16%        N/A       10%         3

Your spell library contained the following spells:

 Spells                   Type           Power      Damage    Failure   Level
 Ice Form                 Ice/Tmut       10%        N/A       54%         4


Dungeon Overview and Level Annotations

Branches:
Dungeon (5/15)              Sewer (visited)
 Temple: D:4-7

Altars:
Cheibriados
Gozag
Nemelex Xobeh
Okawaru
Trog
Wu Jian
The Shining One

Shops:
D:1 (

Annotations:
D:4 8 exclusions
D:5 5 exclusions


Innate Abilities, Weirdness & Mutations

One of your tentacles has grown a beastly spike.
You cannot wear most types of armour.
You are amphibious.
You can wear up to eight rings at the same time.
Your skin changes colour to match your surroundings (Stealth+).
Your rubbery body absorbs attacks. (AC +1, EV +1)
((You are camouflaged when in or above water. (Stealth+)))
You have tentacles for arms and can constrict up to eight enemies at once.


Message History

The shadow imp hits you but does no damage.
You barely miss the shadow imp.
The shadow imp is moderately wounded.
You constrict the shadow imp. The shadow imp barely misses you.
You tentacle-slap the shadow imp.
You pierce the shadow imp.
You kill the shadow imp!
You now have 629 gold pieces (gained 6).
There is a stone staircase leading up, spattered with blood here.
Things that are here:
a +0 club; a +0 chain mail; a +0 trident You tentacle-slap the gnoll bouda but do no damage.
Your grab misses the gnoll bouda.
You pierce the gnoll bouda.
The gnoll bouda is lightly wounded.
The gnoll bouda hits you with a +0 whip!
You tentacle-slap the gnoll bouda. Your grab misses the gnoll bouda.
You pierce the gnoll bouda.
You squeeze the gnoll bouda.
The gnoll bouda is heavily wounded.
The gnoll bouda barks out a call to the hunt!
The gnoll picks up the pace!
You hear a shout! x2
You tentacle-slap the gnoll bouda but do no damage.
Your grab misses the gnoll bouda.
You tentacle-slap the gnoll bouda, but do no damage.
You squeeze the gnoll bouda.
The gnoll bouda is heavily wounded.
The gnoll throws a throwing net.
The throwing net hits you.
You become entangled in the net!
The gnoll bouda hits you with a +0 whip.
You struggle against the net.
Your transformation is almost over.
The gnoll bouda hits you with a +0 whip.
* * * LOW HITPOINT WARNING * * *
Unknown command.
You struggle against the net.
The gnoll hits you with a +0 whip.
* * * LOW HITPOINT WARNING * * *
The gnoll bouda gazes fiercely through you!
You feel your attacks grow feeble.
The gnoll bouda hits you with a +0 whip!
You die...
Your body crumbles into a pile of gold.

#... .gg>. #g.. .
#..# .### ##..# ...
##..# #.##..##
####.....####.#.#
.........g@gg...#
####....####.###
###..#.#
#######....#...
.......))..####.#
####....##<#.# #
#..####.#.# . # #..
#.#.# .. .
##.#..####.#.####.##


You could see a gnoll bouda and 2 gnolls.

Vanquished Creatures
  2 bullfrogs (Sewer)
  Blork the orc (D:4)
  A jelly (D:5)
  4 orc priests
  Ijyb (D:3)
  6 adders
  3 gnolls (D:4)
  A shadow imp (D:5)
  2 worms (D:2)
  A dart slug (D:2)
  16 orcs
  2 bats
  4 endoplasms
  13 giant cockroaches
  10 hobgoblins
  5 jackals
  5 kobolds
  9 quokkas
  15 ball pythons
  7 frilled lizards
  8 goblins
  4 rats
120 creatures vanquished.

Vanquished Creatures (collateral kills)
  A worm (D:4)
1 creature vanquished.

Grand Total: 121 creatures vanquished

Notes
Turn   | Place    | Note
-------+----------+-------------------------------------------
     0 | D:1      | Jase the Octopode Transmuter began the quest for the Orb.
     0 | D:1      | Reached XP level 1. HP: 13/13 MP: 3/3
   227 | D:1      | Reached XP level 2. HP: 18/18 MP: 3/5
   560 | D:1      | Found Bohell's Weapon Shoppe.
   659 | D:1      | Reached XP level 3. HP: 23/23 MP: 4/6
  1257 | D:2      | Reached skill level 3 in Transmutations
  1280 | D:2      | Learned a level 2 spell: Wereblood
  1522 | D:2      | Reached XP level 4. HP: 27/28 MP: 5/7
  1533 | D:2      | Found an opulent altar of Gozag.
  1749 | D:2      | Became a worshipper of Gozag Ym Sagoz the Greedy
  1822 | D:3      | Found a snail-covered altar of Cheibriados.
  1872 | D:3      | Noticed Ijyb
  1885 | D:3      | Killed Ijyb
  1886 | D:3      | Reached skill level 1 in Poison Magic
  2237 | D:3      | Found a glowing golden altar of the Shining One.
  2325 | D:3      | Found an ornate altar of the Wu Jian Council.
  2331 | D:3      | Reached XP level 5. HP: 19/33 MP: 8/8
  2482 | D:3      | Found an iron altar of Okawaru.
  2482 | D:3      | Found a bloodstained altar of Trog.
  2575 | D:3      | Found a sparkling altar of Nemelex Xobeh.
  2950 | D:4      | Noticed Blork the orc
  2998 | D:4      | Killed Blork the orc
  2999 | D:4      | Reached skill level 4 in Transmutations
  3096 | D:4      | Reached XP level 6. HP: 31/38 MP: 7/9
  3149 | D:4      | Found a glowing drain.
  3182 | Sewer    | Entered a sewer
  3232 | Sewer    | Learned a level 3 spell: Spider Form
  3452 | Sewer    | Reached skill level 5 in Transmutations
  3452 | Sewer    | Reached XP level 7. HP: 26/43 MP: 10/10
  4265 | D:5      | Entered Level 5 of the Dungeon
  4458 | D:5      | Slain by a gnoll bouda

Illustrated notes

Levels and vault maps discovered:
D:1:      lemuel_arrival_muddy, layout_loops_corners, serial_shops,
          nicolae_shop_real_fake_doors, corexii_item_surrounded_by_moat,
          minmay_tetromino_i2
D:2:      layout_basic, basic_altar
D:3:      layout_basic, grunt_temple_overflow_bloody_war,
          nicolae_wu_jian_immortal_techniques, mainiacjoe_overflow_24_doors,
          mainiacjoe_overflow_cross_hatched, marbit_many_paths, serial_curves,
          eino_curves_02, eino_curves_02, uniq_ijyb
D:4:      layout_cave_pods, portal_sewer_entry_d, uniq_blork_the_orc
D:5:      layout_basic, nicolae_ossuary_entry_catacombs

Skill      XL: |  1  2  3  4  5  6  7 |
---------------+----------------------+-----
Transmutations | 3 4 5 |  5.3
Poison Magic   | 1 2 3 |  3.4
Dodging        | 3 4 |  4.0
Unarmed Combat | 4 |  4.5
Fighting       | |  1.0
Spellcasting   | |  2.0

Action                     |  1- 3 |  4- 6 |  7- 9 || total
---------------------------+-------+-------+-------++-------
  Melee: Unarmed           |    87 |   124 |    37 ||   248
         Kick              |    23 |    37 |    16 ||    76
         Constrict         |    24 |    37 |     8 ||    69
         Tentacles         |    12 |    30 |     9 ||    51
         Punch             |     1 |     4 |     1 ||     6
   Cast: Beastly Appendage |    30 |    29 |     9 ||    68
         Wereblood         |       |     1 |     1 ||     2
  Evoke: Wand              |       |     3 |       ||     3
    Use: Scroll            |       |     4 |     2 ||     6
         Potion            |       |     1 |       ||     1
   Stab: Sleeping          |     7 |     7 |     1 ||    15
 Armour: Skin              |     9 |    27 |     4 ||    40
  Dodge: Dodged            |    38 |    61 |    16 ||   115

Table legend: (Time is in decaauts)
 A = Elapsed time spent in this place.
 B = Non-inter-level travel time spent in this place.
 C = Inter-level travel time spent in this place.
 D = Time resting spent in this place.
 E = Time spent auto-exploring this place.
 F = Levels seen in this place.
 G = Mean time per level.
                   A        B        C        D        E       F      G
               +--------+--------+--------+--------+--------+-----+--------+
         Total |   4437 |   4209 |    228 |    368 |   2675 |   6 |  739.5 |
       Dungeon |   4034 |   3806 |    228 |    320 |   2546 |   5 |  806.8 |
         Sewer |    403 |    403 |      0 |     48 |    129 |   1 |  403.0 |
               +--------+--------+--------+--------+--------+-----+--------+

Top non-repeatable levels by time:
     D:1: 1171 daAuts
     D:4: 1124 daAuts
     D:3: 1009 daAuts
     D:2: 580 daAuts
   Sewer: 403 daAuts
     D:5: 147 daAuts
